 Dungeon Crawl Stone Soup version 0.20-a0-940-g1ecfa5a (webtiles) character file.

45045 Firecrotchwizard the Fighter (level 14, -14/235 HPs)
             Began as an Ogre Berserker on Mar 30, 2017.
             Was a High Priest of Trog.
             Demolished by a death yak (22 damage)
             ... on level 6 of the Lair of Beasts on Mar 31, 2017.
             The game lasted 00:50:55 (25407 turns).

Firecrotchwizard the Fighter (Ogre Berserker)      Turns: 25407, Time: 00:50:55

Health: -14/235    AC: 11    Str: 29    XL:     14   Next: 31%
Magic:  0/14       EV: 18    Int:  8    God:    Trog [*****.]
Gold:   887        SH:  0    Dex: 16    Spells: 13/13 levels left

rFire    . . .     SeeInvis +   K - +3 giant spiked club (flame)
rCold    . . .     Gourm    .   (shield currently unavailable)
rNeg     . . .     Faith    .   C - +2 steam dragon scales
rPois    .         Spirit   +   (helmet restricted)
rElec    .         Reflect  .   w - +2 cloak
rCorr    .         Harm     .   (gloves unavailable)
MR       +....                  (boots unavailable)
Stlth    ..........             u - amulet of guardian spirit
Regen    0.5/turn               x - ring of see invisible
MPRegen  0.2/turn               y - ring "Onerol" {EV+1 Dex+4}

@: berserking, very quick
A: unfitting armour, tough skin 1
a: Berserk, Trog's Hand, Brothers in Arms, Burn Spellbooks, Renounce Religion


You were on level 6 of the Lair of Beasts.
You worshipped Trog.
Trog was extremely pleased with you.
You were not hungry.

You visited 2 branches of the dungeon, and saw 17 of its levels.
You also visited: Sewer and Ossuary.

You collected 887 gold pieces.

Inventory:

Hand Weapons
 v - a +1 giant club
 F - a +4 arbalest of flaming
 K - a +3 giant spiked club of flaming (weapon)
Missiles
 i - 5 steel tomahawks (quivered)
 M - 22 bolts
Armour
 w - a +2 cloak (worn)
 C - +2 steam dragon scales (worn)
Jewellery
 g - an uncursed ring of stealth
 u - an amulet of guardian spirit (around neck)
 x - a ring of see invisible (left hand)
 y - the ring "Onerol" (right hand) {EV+1 Dex+4}
   (You found it on level 6 of the Dungeon)

   [ring of evasion]

   It affects your evasion (+1).
   It affects your dexterity (+4).
 A - an uncursed ring of flight
Wands
 a - a wand of lightning (5/15)
 o - a wand of paralysis (11/24)
 t - a wand of confusion (22/48)
 z - a wand of iceblast (3/15)
 P - a wand of polymorph (8/24)
Scrolls
 b - 3 scrolls of fog
 e - 7 scrolls of remove curse
 l - 3 scrolls of recharging
 m - 10 scrolls of identify
 n - a scroll of magic mapping
 s - 5 scrolls of enchant armour
 J - 4 scrolls of teleportation
Potions
 d - 2 potions of lignification
 f - 2 potions of flight
 h - a potion of invisibility {unknown}
 j - 5 potions of agility
 q - a potion of ambrosia
 r - 4 potions of brilliance
 B - 2 potions of resistance
 D - 2 potions of mutation
 E - 2 potions of berserk rage {unknown}
 G - a potion of haste {unknown}
 H - 3 potions of heal wounds
 I - 2 potions of might
 L - 5 potions of curing
 O - a potion of magic {unknown}
Comestibles
 c - 12 bread rations
 k - 13 royal jellies
 p - 2 meat rations
 N - 4 chunks of flesh


   Skills:
 + Level 14.9 Fighting
 * Level 14.7 Maces & Flails
 + Level 6.1 Crossbows
 + Level 11.2 Dodging


You had 13 spell levels left.
You didn't know any spells.

Dungeon Overview and Level Annotations

Branches:
Dungeon (11/15)            Temple (0/1) D:7            Lair (6/6) D:11
  Snake (0/4) Lair:2        Slime (0/5) Lair:5          Orc (0/2) D:9
  Swamp: Lair:2-4    Shoals: Lair:2-4

Altars:
Ashenzari
Cheibriados
Dithmenos
Elyvilon
Fedhas
Gozag
Hepliaklqana
Makhleb
Nemelex Xobeh
Qazlal
Ru
Trog
Zin
The Shining One

Shops:
D:6 *

Annotations:
D:8 Maurice
Lair:2 exclusion: electric eel
Lair:5 exclusion: 2 oklob plants
Lair:6 exclusion: oklob plant


Innate Abilities, Weirdness & Mutations

You are too large for most types of armour.
You have tough skin. (AC +1)


Message History

A red film seems to cover your vision as you go berserk!
You feel yourself moving faster!
You feel mighty!
You feel a lot more hungry. The death yak gores you.
* * * LOW HITPOINT WARNING * * *
The death yak gores you but does no damage.
You hit the death yak but do no damage.
The death yak is almost dead.
The death yak gores you!!
* * * LOW HITPOINT WARNING * * *
The death yak gores you!
* * * LOW HITPOINT WARNING * * *
You impale the death yak!! You burn the death yak!
The death yak is heavily wounded.
Your iron troll bites the death yak!!
The death yak dies!
Trog accepts your kill.
You sock the death yak! You burn the death yak.
The death yak is severely wounded.
The death yak gores you!!
You die...

....###......### ######
...## ##......##
####....###. ...#
##...###..# #....8......
..####...#######
#....8..... ..#
#...###.### ###.8....8..
..# #..##.....##
#.....8.8..#
..###......#...###
##..##.....##
.###......##...T†###..##
#....# .#
##....####...@Y..†##
#Y.## .# ##.###
##.###P..## .## .# ###
##..# ##..P# . .##
#######..## #P..## . ..#
#.P##...## ##..### ##
..# ##......### ##...##
..# #....##...###
###..### ..#
##...####...## ##....#
..####...P#
##...###.....#


You could see a death yak and a friendly iron troll (berserk).

Vanquished Creatures
  4 hydras
  A catoblepas (Lair:6)
  8 death yaks (Lair:6)
  Nergalle (Lair:4)
  2 unseen horrors
  A lindwurm (Lair:6)
  2 manticores (Lair:6)
  An ugly thing (D:11)
  5 black mambas
  A torpor snail (Lair:2)
  A gargoyle (D:11)
  10 spiny frogs
  4 rime drakes
  4 komodo dragons
  2 trolls
  A polar bear (Lair:6)
  3 hornets
  12 blink frogs
  6 hippogriffs
  Sigmund (D:3)
  2 spriggans (Lair:5)
  31 yaks
  3 wyverns
  A basilisk (Lair:3)
  Grum (D:9)
  3 vampire mosquitoes (D:11)
  A steam dragon (Lair:4)
  A swamp worm (Lair:2)
  An acid dragon (D:11)
  9 water moccasins
  8 porcupines
  2 hell hounds (Lair:4)
  4 orc warriors
  5 sky beasts
  2 ice beasts
  2 phantoms (D:4)
  5 black bears
  10 ogres
  3 centaurs
  16 wolves
  17 crocodiles
  2 big kobolds
  19 bullfrogs
  A gnoll sergeant (D:8)
  A water moccasin zombie (D:9)
  4 scorpions
  5 killer bees (D:7)
  9 wights
  2 howler monkeys
  5 crimson imps
  A bullfrog zombie (D:6)
  A quasit (D:7)
  2 centaur zombies
  A human zombie (Ossuary)
  2 jellies
  4 hounds
  11 orc wizards
  7 orc priests
  2 bullfrog skeletons
  2 centaur skeletons
  Crazy Yiuf (D:4)
  3 iguanas
  13 worker ants
  6 hell rats (Lair:5)
  2 hound skeletons
  3 mummies (Ossuary)
  3 worker ant zombies
  Robin (D:3)
  8 gnolls
  13 adders
  A howler monkey skeleton (D:7)
  4 shadow imps
  3 oozes
  5 adder zombies
  An adder skeleton (D:9)
  5 worms
  A dart slug (D:3)
  2 leopard geckos
  44 orcs
  2 ball pythons
  11 giant cockroaches
  2 gnoll zombies (Ossuary)
  16 goblins
  11 hobgoblins
  8 jackals
  4 quokkas
  6 bats
  3 frilled lizards
  3 goblin zombies (Ossuary)
  2 hobgoblin zombies (Ossuary)
  22 kobolds
  2 kobold zombies (Ossuary)
  2 leopard gecko skeletons (D:4)
  2 quokka zombies
  6 rats
  3 rat zombies (Ossuary)
  A plant (Lair:6)
503 creatures vanquished.

Vanquished Creatures (collateral kills)
  Nessos (Lair:5)
  2 hydras
  3 death yaks (Lair:6)
  4 blink frogs
  2 yaks (Lair:6)
  A porcupine (Lair:3)
13 creatures vanquished.

Vanquished Creatures (others)
  A bush (Lair:6)
  14 fungi
  23 plants
38 creatures vanquished.

Grand Total: 554 creatures vanquished

Notes
Turn   | Place    | Note
-------+----------+-------------------------------------------
     0 | D:1      | Firecrotchwizard the Ogre Berserker began the quest for the Orb.
     0 | D:1      | Reached XP level 1. HP: 24/24 MP: 1/1
   332 | D:1      | Reached XP level 2. HP: 26/32 MP: 2/2
  1217 | D:2      | Reached XP level 3. HP: 28/40 MP: 3/3
  1802 | D:2      | Reached XP level 4. HP: 43/49 MP: 4/4
  1809 | D:2      | Reached ** piety under Trog
  2267 | D:3      | Noticed Sigmund
  2287 | D:3      | HP: 3/73 [something (14)]
  2289 | D:3      | Killed Sigmund
  2289 | D:3      | Reached skill level 5 in Fighting
  2289 | D:3      | Reached XP level 5. HP: 4/59 MP: 5/5
  2289 | D:3      | Reached XP level 6. HP: 4/67 MP: 6/6
  3025 | D:3      | Found a shadowy altar of Dithmenos.
  3078 | D:3      | Noticed Robin
  3093 | D:3      | Killed Robin
  3457 | D:3      | Found a snail-covered altar of Cheibriados.
  3710 | D:3      | Reached skill level 5 in Maces & Flails
  4191 | D:3      | Found a faded altar of an unknown god.
  4354 | D:4      | Found a stormy altar of Qazlal.
  4360 | D:4      | Found a glowing drain.
  4457 | D:4      | Noticed a fire elemental
  4462 | D:4      | Noticed a water elemental
  4462 | D:4      | Noticed an air elemental
  4503 | Sewer    | Entered a sewer
  4514 | Sewer    | Reached *** piety under Trog
  4639 | Sewer    | Reached XP level 7. HP: 37/75 MP: 7/7
  5723 | D:4      | Found a white marble altar of Elyvilon.
  6000 | D:4      | Found a runed door.
  6004 | D:4      | Noticed Crazy Yiuf
  6015 | D:4      | Killed Crazy Yiuf
  6079 | D:4      | Reached XP level 8. HP: 38/87 MP: 8/8
  6165 | D:4      | Reached skill level 5 in Dodging
  6474 | D:4      | Found a burning altar of Makhleb.
  6474 | D:4      | Noticed a cacodemon
  6793 | D:5      | Entered Level 5 of the Dungeon
  7442 | D:5      | Found a shattered altar of Ashenzari.
  7827 | D:6      | Reached XP level 9. HP: 88/96 MP: 9/9
  7904 | D:6      | Got a faintly glowing jade ring
  7905 | D:6      | Identified the ring "Onerol" {EV+1 Dex+4} (You found it on level 6 of the Dungeon)
  7911 | D:6      | Found a hazy altar of Hepliaklqana.
  8069 | D:6      | Found Guwiaf's General Store.
  8337 | D:6      | Found a blossoming altar of Fedhas.
  8393 | D:6      | Found a sand-covered staircase.
  8400 | Ossuary  | Entered an ossuary
  8412 | Ossuary  | HP: 3/97 [mummy (18)]
  8804 | Ossuary  | Reached **** piety under Trog
  9368 | D:7      | Found a staircase to the Ecumenical Temple.
 10085 | D:7      | Reached XP level 10. HP: 90/110 MP: 10/10
 10192 | D:7      | Found a bloodstained altar of Trog.
 10282 | D:7      | Reached skill level 10 in Fighting
 10765 | D:8      | Reached ***** piety under Trog
 10866 | D:8      | Found a glowing golden altar of the Shining One.
 11142 | D:8      | Found a glowing golden altar of the Shining One.
 11204 | D:8      | Noticed Maurice
 11256 | D:8      | Reached skill level 10 in Maces & Flails
 11955 | D:9      | Found a sparkling altar of Nemelex Xobeh.
 12051 | D:9      | Found a glowing silver altar of Zin.
 12126 | D:9      | Noticed Grum
 12159 | D:9      | Killed Grum
 12429 | D:9      | Found a sacrificial altar of Ru.
 12616 | D:9      | Found a staircase to the Orcish Mines.
 12889 | D:9      | Found a shadowy altar of Dithmenos.
 13033 | D:9      | Found an opulent altar of Gozag.
 13230 | D:9      | Reached XP level 11. HP: 86/120 MP: 11/11
 13469 | D:10     | Entered Level 10 of the Dungeon
 13785 | D:10     | Paralysed by a hornet for 1 turns
 13790 | D:10     | Paralysed by a hornet for 2 turns
 13816 | D:10     | HP: 6/120 [poisoned by a hornet]
 14226 | D:10     | Noticed an unseen horror
 14238 | D:10     | Killed an unseen horror
 14675 | D:11     | Found a staircase to the Lair.
 14864 | D:11     | Noticed a brown ugly thing
 14866 | D:11     | Killed a brown ugly thing
 15218 | D:11     | Received a gift from Trog
 15474 | D:11     | Reached skill level 1 in Crossbows
 15497 | D:11     | Noticed an unseen horror
 15726 | D:11     | Killed an unseen horror
 16339 | Lair:1   | Entered Level 1 of the Lair of Beasts
 16675 | Lair:1   | Reached XP level 12. HP: 129/133 MP: 12/12
 16722 | Lair:1   | Noticed a four-headed hydra
 16743 | Lair:1   | Killed a four-headed hydra
 17904 | Lair:2   | Noticed a six-headed hydra
 17932 | Lair:2   | Received a gift from Trog
 17970 | Lair:2   | Killed a seven-headed hydra
 18147 | Lair:2   | Found a staircase to the Snake Pit.
 19374 | Lair:3   | Noticed an eight-headed hydra
 19378 | Lair:3   | Killed an eight-headed hydra
 19384 | Lair:3   | Reached skill level 10 in Dodging
 19915 | Lair:3   | Noticed a five-headed hydra
 19922 | Lair:3   | Killed a five-headed hydra
 20119 | Lair:4   | Noticed Nergalle
 20126 | Lair:4   | Killed Nergalle
 20136 | Lair:4   | Reached XP level 13. HP: 144/144 MP: 13/13
 20459 | Lair:4   | Received a gift from Trog
 21595 | Lair:5   | Noticed Nessos
 21607 | Lair:5   | Killed Nessos
 22063 | Lair:5   | Found a staircase to the Slime Pits.
 22440 | Lair:6   | Entered Level 6 of the Lair of Beasts
 22478 | Lair:6   | Reached skill level 5 in Crossbows
 22799 | Lair:6   | HP: 7/146 [death yak (10)]
 24135 | Lair:6   | Reached XP level 14. HP: 128/157 MP: 12/14
 24686 | Lair:6   | Received a gift from Trog
 25405 | Lair:6   | HP: 7/235 [death yak (7)]
 25407 | Lair:6   | Demolished by a death yak

Vault maps used:
D:1:      saegor_arrival_simple_d, kennysheep_small_spiral
D:3:      minmay_door_path, kennysheep_slug_shrine,
          chequers_ecumenical_altar_twisty, nicolae_dithmenos_shadow_blocks,
          uniq_sigmund, uniq_robin
D:4:      elyvilon_altar_5, makhleb_altar_promises_db, portal_sewer_entry_f,
          nicolae_qazlal_style_of_elements, uniq_crazy_yiuf_cottage
D:5:      kennysheep_little_box, first_bread, st_stairs_8
D:6:      cheibrodos_iron_armory, lemuel_doored_altar, serial_shops,
          nicolae_shop_competitors_out_of_business, enter_ossuary_3,
          wad_floor_pattern_2, small_statue_intersection, fedhas_altar_4
D:7:      trog_ov_bears_minmay, minmay_temple_entry_purple_smoke
D:8:      nicolae_overflow_crystal_walls, hangedman_pestilent_swarm,
          nicolae_tso_swordbearing_angel, uniq_maurice
D:9:      nicolae_gozag_cash_rules_everything_around_me, zin_scriptorium,
          overflow_temple_1_default, overflow_temple_1_default, orc_david_3,
          minmay_misc_feat_rugged, hangedman_ru_absence, uniq_grum
D:11:     minmay_lair_entry_grove
Lair:1:   minivault_11, st_stairs_7, grunt_megastairs_1
Lair:2:   nicolae_swamp_entry_splash_gauntlet, dummy_snake_entry, minivault_23,
          eino_small_chamber_without_monster, grunt_megastairs_2
Lair:3:   st_stairs_7, grunt_megastairs_3, infiniplex_staircase_pool_2
Lair:4:   enter_volcano_3, lemuel_fruit_fields, uniq_nergalle
Lair:5:   wad_woods_tower, slime_dummy, minmay_lair_oklob_chamber, uniq_nessos
Lair:6:   evilmike_catoblepas_cave
Sewer:    sewer_the_crocodile
Ossuary:  ossuary_minmay_chase

Skill      XL: |  1  2  3  4  5  6  7  8  9 10 11 12 13 14 |
---------------+-------------------------------------------+-----
Maces & Flails | 3 4 5 6 7 9 10 12 13 14 | 14.7
Dodging        | 3 4 5 6 8 9 10 11 | 11.2
Fighting       | 5 6 7 8 9 11 12 13 14 | 14.9
Crossbows      | 2 4 5 6 |  6.1

Action                   |  1- 3 |  4- 6 |  7- 9 | 10-12 | 13-15 || total
-------------------------+-------+-------+-------+-------+-------++-------
Melee: Mace              |   115 |   206 |   155 |       |       ||   476
       Unarmed           |       |       |     5 |    42 |       ||    47
       Flail             |       |       |   167 |       |       ||   167
       Giant club        |       |       |   136 |   385 |       ||   521
       Giant spiked club |       |       |       |   310 |   359 ||   669
Invok: Berserk           |     1 |     4 |     4 |       |     2 ||    11
       Trog's Hand       |       |     1 |     1 |     3 |     1 ||     6
       Burn Spellbooks   |       |       |     1 |     3 |       ||     4
       Brothers in Arms  |       |       |       |     3 |     4 ||     7
  Use: Potion            |       |       |     7 |       |       ||     7
       Scroll            |       |       |    12 |    14 |     2 ||    28
 Stab: Sleeping          |       |     1 |       |     1 |     2 ||     4
       Distracted        |       |       |       |     1 |       ||     1
  Eat: Chunk             |     4 |    10 |    12 |    22 |     8 ||    56
       Royal jelly       |       |     1 |     2 |       |       ||     3
       Meat ration       |       |       |     2 |     1 |     3 ||     6
       Fruit             |       |       |       |     5 |     1 ||     6
Armor: Animal skin       |    30 |    56 |    60 |       |       ||   146
       Steam dragon scal |       |       |    41 |   207 |    69 ||   317
       Skin              |       |       |    38 |       |       ||    38
Dodge: Dodged            |    76 |   137 |   259 |   612 |   351 ||  1435
